 Dungeon Crawl Stone Soup version 0.23.0 (console) character file.

Game seed: 3494221474891679487

87 basilefff the Shield-Bearer (level 4, -2/35 HPs)
             Began as a Human Fighter on Feb 11, 2019.
             Slain by a brown ugly thing (6 damage)
             ... on level 7 of the Dungeon on Feb 12, 2019.
             The game lasted 00:19:56 (1383 turns).

basilefff the Shield-Bearer (Human Fighter)         Turns: 1383, Time: 00:19:57

Health: -2/35      AC:  8    Str: 16    XL:     4   Next: 80%
Magic:  4/4        EV:  7    Int:  9    God:
Gold:   37         SH:  9    Dex: 13    Spells: 3/3 levels left

rFire    + . .     SeeInvis .   a - +1 rapier
rCold    x . .     Gourm    .   c - +0 shield
rNeg     . . .     Faith    .   b - +0 scale mail
rPois    .         Spirit   .   j - +0 helmet
rElec    .         Reflect  .   (no cloak)
rCorr    .         Harm     .   (no gloves)
MR       +....                  (no boots)
Stlth    ..........             (no amulet)
HPRegen  0.11/turn              g - ring of protection from magic
MPRegen  0.09/turn              i - ring of fire

@: lightly drained
A: no striking features
a: no special abilities


You were on level 7 of the Dungeon.
You were not hungry.

You visited 1 branch of the dungeon, and saw 7 of its levels.

You collected 37 gold pieces.

Inventory:

Hand Weapons
 a - a +1 rapier (weapon)
 l - a +0 quarterstaff
Missiles
 h - 18 arrows
Armour
 b - a +0 scale mail (worn)
 c - a +0 shield (worn)
 e - a +0 robe
 j - a +0 helmet (worn)
Jewellery
 g - a ring of protection from magic (left hand)
 i - a ring of fire (right hand)
Potions
 d - a potion of might
Comestibles
 f - 2 rations


   Skills:
 + Level 3.3(3.1) Fighting
 + Level 3.0(2.7) Short Blades
 + Level 3.4(3.2) Armour
 + Level 0.8(0.6) Dodging
 + Level 3.7(3.4) Shields


You had 3 spell levels left.
You didn't know any spells.
Your spell library was empty.

Dungeon Overview and Level Annotations

Branches:
Dungeon (7/15)             Temple (0/1) D:6

Altars:


Message History

There is an open door here.
A brown ugly thing opens the door.
You block the wight's attack.
An acid dragon comes into view.
The acid dragon roars!
A howler monkey comes into view.
An ogre comes into view. It is wielding a +0 giant club.
A worker ant comes into view.
The wight hits you with a cursed +0 morningstar.
You feel drained.
An orc opens the door.
You block the worker ant's attack.
A steam dragon comes into view.
The howler monkey howls!
You hear a screech!
The acid dragon spits acid at you. The splash of acid hits you.
You are splashed with acid!
* * * LOW HITPOINT WARNING * * *
You hear an angry hiss.
You hit the steam dragon but do no damage.
You block the steam dragon's attack. x2; The wight hits you but does no damage.
The howler monkey hoots and howls with incredible vigour!
The brown ugly thing headbutts you.
You die...

## #. .# .# #.#.. ..
..+.# ... .#.##.#
.....
....#.#####......
###D###..##........
#8@8a8#............
#u8z8H#............
#O8.8h8'............
#D#.8.8.#............
#a##8.8.8#............
#h# ###+###...#<....##
#. #.........# .
#.#...#...#
+.#.#>#...# #......
.... #.#.#.. .....


You could see a brown ugly thing, a hippogriff, a steam dragon, an acid dragon,
an ogre, 2 howler monkeys, 2 worker ants and a wight.

Vanquished Creatures
  A jelly (D:6)
  An adder (D:2)
  A shadow imp (D:6)
  2 dart slugs (D:1)
  3 giant cockroaches (D:1)
  3 goblins
  5 hobgoblins (D:1)
  3 quokkas
  6 bats
  2 frilled lizards
  6 kobolds (D:1)
  A quokka zombie (D:2)
  5 rats (D:1)
39 creatures vanquished.

Notes
Turn   | Place    | Note
-------+----------+-------------------------------------------
     0 | D:1      | basilefff the Human Fighter began the quest for the Orb.
     0 | D:1      | Reached XP level 1. HP: 18/18 MP: 1/1
    73 | D:1      | Reached XP level 2. HP: 19/24 MP: 2/2
   301 | D:1      | Reached XP level 3. HP: 26/29 MP: 3/3
   835 | D:2      | Reached XP level 4. HP: 29/35 MP: 4/4
   992 | D:5      | Entered Level 5 of the Dungeon
  1371 | D:7      | Noticed a hippogriff
  1380 | D:7      | Noticed a brown ugly thing
  1380 | D:7      | Noticed an acid dragon
  1380 | D:7      | Noticed an ogre
  1382 | D:7      | Noticed a steam dragon
  1383 | D:7      | Slain by a brown ugly thing

Skill      XL: |  1  2  3  4 |
---------------+-------------+-----
Short Blades   | 3 |  3.0
Fighting       | |  3.3
Armour         | |  3.4
Dodging        | |  0.8
Shields        | |  3.7

Action                   |  1- 3 |  4- 6 || total
-------------------------+-------+-------++-------
Melee: Rapier            |   113 |    14 ||   127
  Use: Scroll            |     2 |     2 ||     4
  Eat: Ration            |     1 |       ||     1
Armor: Scale mail        |    73 |    16 ||    89
Dodge: Dodged            |    40 |     9 ||    49
Block: Shield            |    85 |    14 ||    99
